 Dungeon Crawl Stone Soup version 0.31.0-32-g396128a36d (webtiles) character file.

Game seed: 14571666626009624409

53 jagang the Slasher (level 3, 0/29 HPs)
             Began as a Human Monk on Mar 12, 2024.
             Slain by a gnoll
             ... wielding a +0 whip
              (7 damage)
             ... on level 2 of the Dungeon.
             The game lasted 00:02:19 (885 turns).

jagang the Slasher (Human Monk)                      Turns: 885, Time: 00:02:20

Health: 0/29       AC:  3    Str: 11    XL:     3   Next: 89%
Magic:  3/3        EV: 12    Int: 10    God:
Gold:   32         SH:  0    Dex: 17    Spells: 2/2 levels left

rFire   . . .        a - +0 falchion
rCold   . . .        d - orb {light}
rNeg    . . .        e - +0 leather armour
rPois   .            (no helmet)
rElec   .            (no cloak)
rCorr   .            (no gloves)
SInv    .            (no boots)
Will    .....        (no amulet)
Stlth   +            (no ring)
HPRegen 0.24/turn    (no ring)
MPRegen 0.08/turn

%: no passive effects
@: glowing
A: explore regen
a: no special abilities


You were on level 2 of the Dungeon.
You visited 1 branch of the dungeon, and saw 2 of its levels.

You collected 32 gold pieces.

Inventory:

Hand Weapons
 a - a +0 falchion (weapon)
Armour
 d - an orb of light (worn)
 e - a +0 leather armour (worn)
Jewellery
 g - a ring of flight
Scrolls
 b - a scroll of noise {unknown}
 i - a scroll of teleportation {unknown}
 l - a scroll of identify {unknown}
 n - a scroll of poison {unknown}
Potions
 c - a potion of ambrosia
 f - a potion of lignification {unknown}
 h - a potion of enlightenment {unknown}
 j - a potion of might {unknown}
 k - a potion of haste {unknown}
 m - 2 potions of mutation {unknown}


   Skills:
 * Level 3.4 Fighting
 * Level 3.6 Long Blades
 + Level 0.7 Throwing
 + Level 0.8 Armour
 - Level 3.0 Dodging
 + Level 1.0 Shields
 + Level 0.5 Evocations


You had 2 spell levels left.
You didn't know any spells.
Your spell library was empty.

Dungeon Overview and Level Annotations

Branches:
Dungeon (2/15)

Altars:


Innate Abilities, Weirdness & Mutations

You regain HP and MP as you explore.


Message History

The frilled lizard hisses angrily.
The gnoll shouts! x2
A gnoll comes into view. It is wielding a +0 club.
Unknown command.
Unknown command.
You see here a ball python corpse.
Things that are here:
a jackal corpse; a jackal corpse The gnoll barely misses you.
You hit the gnoll.
The gnoll is moderately wounded.
The gnoll barely misses you.
You hit the gnoll.
The gnoll is almost dead.
The gnoll hits you with a +0 halberd!
You hit the gnoll.
The gnoll is almost dead.
The gnoll misses you.
You hit the gnoll.
You kill the gnoll!
Your Shields skill increases to level 1!
You hit the gnoll.
The gnoll is moderately wounded.
The gnoll hits you with a +0 club.
You hit the gnoll.
The gnoll is moderately wounded.
The gnoll hits you with a +0 whip.
You hit the gnoll.
The gnoll is severely wounded.
The gnoll hits you with a +0 whip.
You hit the gnoll.
The gnoll is severely wounded.
The gnoll closely misses you.
You barely miss the gnoll.
The gnoll is severely wounded.
The gnoll hits you with a +0 whip.
* * * LOW HITPOINT WARNING * * *
The gnoll attacks as it pursues you! The gnoll hits you with a +0 whip.
* * * LOW HITPOINT WARNING * * *
The gnoll attacks as it pursues you! The gnoll hits you with a +0 whip!
You die...

# #g# # #.#.#.#
#.#.#.#####
#.........#
###.#####.#
#†......#
##########.#######
#.g..##....#
#.##g@#g#####
#.#####.....#
#...g.#####.#
#####g##.##.#
#)##..g.#
#g##.#### #g...#
######


You could see 2 gnolls.

Vanquished Creatures
  A gnoll (D:2)
  2 dart slugs (D:1)
  4 bats (D:1)
  2 endoplasms (D:1)
  A giant cockroach (D:1)
  6 hobgoblins (D:1)
  9 jackals
  A kobold (D:1)
  A quokka (D:1)
  2 ball pythons
  A frilled lizard (D:1)
  3 goblins (D:1)
  2 rats (D:1)
35 creatures vanquished.

Notes
Turn   | Place    | Note
-------+----------+-------------------------------------------
     0 | D:1      | jagang the Human Monk began the quest for the Orb.
     0 | D:1      | Reached XP level 1. HP: 18/18 MP: 1/1
    48 | D:1      | Reached XP level 2. HP: 17/24 MP: 2/2
   265 | D:1      | Reached XP level 3. HP: 10/29 MP: 3/3
   872 | D:2      | Reached skill level 1 in Shields
   885 | D:2      | Slain by a gnoll

Illustrated notes

Levels and vault maps discovered:
D:1:      orjb1_clovarrival, layout_rooms, serial_forest,
          infiniplex_forest_lined_1, infiniplex_forest_lined_corner,
          infiniplex_forest_corner_2, infiniplex_forest_clump_long,
          infiniplex_forest_3_way, infiniplex_forest_straight_4
D:2:      layout_basic, uniq_terence

Skill      XL: |  1  2  3 |
---------------+----------+-----
Shields        | 1 |  1.0
Fighting       | |  3.4
Long Blades    | |  3.6
Throwing       | |  0.7
Armour         | |  0.8
Dodging        | |  3.0
Evocations     | |  0.5

Action                     || total
---------------------------++-------
  Melee: Falchion          ||    90
 Armour: Leather armour    ||    53
         Robe              ||     3
  Dodge: Dodged            ||    63
